 Dungeon Crawl Stone Soup version 0.21-a0-329-g12f17e1 (webtiles) character file.

33683 Azure the Fighter (level 13, -2/107 HPs)
             Began as a Gnoll Wanderer on Oct 2, 2017.
             Was a High Priest of Makhleb.
             Slain by a manticore (shapeshifter) (7 damage)
             ... on level 14 of the Dungeon.
             The game lasted 00:43:46 (12154 turns).

Azure the Fighter (Gnoll Wanderer)                 Turns: 12154, Time: 00:43:47

Health: -2/107     AC: 24    Str: 22    XL:     13   Next: 72%
Magic:  34/34      EV: 21    Int: 20    God:    Makhleb [*****.]
Gold:   741        SH:  0    Dex: 14    Spells: 16/28 levels left

rFire    + . .     SeeInvis .   E - +5 scythe "Finisher" {speed, Str+3}
rCold    . . .     Gourm    .   (shield currently unavailable)
rNeg     . . .     Faith    .   G - +1 chain mail of Obexoas {MR++}
rPois    .         Spirit   .   B - +0 hat
rElec    .         Reflect  .   q - +2 cloak
rCorr    .         Harm     .   w - +2 pair of gloves
MR       +++..                  c - +0 pair of boots
Stlth    +.........             n - amulet of rage
HPRegen  0.27/turn              v - ring of Phasing {EV+8}
MPRegen  0.24/turn              x - ring of magical power

@: lethally poisoned (-2 -> -10), slowed, very slow
A: distributed training, fangs 1, talons 1, molten scales 1, yellow scales 1,
clever 2, fire resistance 1, magic resistance 1, sense surroundings 1, strong
nose
a: Minor Destruction, Lesser Servant of Makhleb, Major Destruction, Greater
Servant of Makhleb, Renounce Religion, Evoke Berserk Rage


You were on level 14 of the Dungeon.
You worshipped Makhleb.
Makhleb was extremely pleased with you.
You were hungry.

You visited 1 branch of the dungeon, and saw 14 of its levels.

You collected 988 gold pieces.
You spent 247 gold pieces at shops.

Inventory:

Hand Weapons
 o - a +3 quarterstaff of chaos
 C - a +4 war axe
 E - the +5 scythe "Finisher" (weapon) {speed, Str+3}
   (You found it on level 8 of the Dungeon)

   Attacks with this weapon are significantly faster.
   It affects your strength (+3).
 H - the +9 falchion of Scorn {speed, rPois rC+}
   (You found it on level 8 of the Dungeon)

   Attacks with this weapon are significantly faster.
   It protects you from cold.
   It protects you from poison.
 I - a +0 flail of holy wrath
 P - a +0 arbalest
Missiles
 b - 84 bolts
 t - 4 tomahawks (quivered)
 U - 5 poisoned tomahawks
Armour
 c - a +0 pair of boots (worn)
 i - a +0 crystal plate armour
 q - a +2 cloak (worn)
 w - a +2 pair of gloves (worn)
 B - a +0 hat (worn)
 G - the +1 chain mail of Obexoas (worn) {MR++}
   (You found it on level 8 of the Dungeon)

   It affects your resistance to hostile enchantments.
Jewellery
 n - an amulet of rage (around neck)
 v - the ring of Phasing (left hand) {EV+8}
   (You took it off an orc on level 4 of the Dungeon)

   [ring of evasion]

   It affects your evasion (+8).
 x - a ring of magical power (right hand)
 y - an uncursed ring of protection from fire
Wands
 h - a wand of confusion (23/48)
 m - a wand of enslavement (8/24)
 K - a wand of confusion (25/48)
 O - a wand of random effects (24/48)
 Q - a wand of paralysis (13/24)
 R - a wand of random effects (21/48)
 T - a wand of confusion (15/48)
Scrolls
 d - 4 scrolls of teleportation
 e - 5 scrolls of remove curse
 j - 2 scrolls of immolation
 k - 5 scrolls of fog
 u - 2 scrolls of identify
 J - 4 scrolls of fear
 M - 2 scrolls of magic mapping
 N - 2 scrolls of amnesia
 V - a scroll of blinking
 Z - a scroll of acquirement {unknown}
Potions
 p - 2 potions of heal wounds
 r - 2 potions of curing
 z - 2 potions of might
 A - 3 potions of berserk rage
 L - a potion of flight
 S - 2 potions of agility
 Y - a potion of lignification {unknown}
Books
 D - a book of Conjurations

   Spells                             Type                      Level
   a - Magic Dart                     Conjuration                  1
   b - Searing Ray                    Conjuration                  2
   c - Dazzling Spray                 Conjuration/Hexes            3
   d - Fulminant Prism                Conjuration/Hexes            4
   e - Force Lance                    Conjuration/Translocation    4
   f - Iskenderun's Mystic Blast      Conjuration                  4
 F - a Young Poisoner's Handbook

   Spells                             Type                      Level
   a - Sting                          Conjuration/Poison           1
   b - Poisonous Vapours              Poison/Air                   2
   c - Mephitic Cloud                 Conjuration/Poison/Air       3
   d - Olgreb's Toxic Radiance        Poison                       4
   e - Venom Bolt                     Conjuration/Poison           5
Miscellaneous
 W - a phial of floods
 X - a box of beasts
Comestibles
 f - 13 bread rations
 g - 4 royal jellies
 l - 9 meat rations
 s - 8 fruits


   Skills:
 + Level 11.7 Fighting
 + Level 8.4 Short Blades
 + Level 8.4 Long Blades
 + Level 8.4 Axes
 + Level 8.4 Maces & Flails
 + Level 8.4 Polearms
 + Level 8.8 Staves
 + Level 8.4 Slings
 + Level 8.4 Bows
 + Level 8.8 Crossbows
 + Level 8.4 Throwing
 + Level 9.6 Armour
 + Level 8.4 Dodging
 + Level 8.4 Stealth
   Level 0.0 Stabbing
 + Level 8.8 Shields
   Level 0.0 Traps
 + Level 8.4 Unarmed Combat
 + Level 8.4 Spellcasting
 + Level 8.4 Conjurations
 + Level 8.4 Hexes
 + Level 8.4 Charms
 + Level 8.4 Summonings
 + Level 8.4 Necromancy
 + Level 8.4 Translocations
 + Level 8.4 Transmutations
 + Level 8.4 Fire Magic
 + Level 8.4 Ice Magic
 + Level 8.4 Air Magic
 + Level 8.4 Earth Magic
 + Level 8.4 Poison Magic
 + Level 8.4 Invocations
 + Level 8.8 Evocations


You had 16 spell levels left.
You knew the following spells:

 Your Spells              Type           Power        Failure   Level  Hunger
a - Mephitic Cloud        Conj/Pois/Air  #####...     4%          3    None
b - Force Lance           Conj/Tloc      #####...     16%         4    ###....
c - Venom Bolt            Conj/Pois      #####.....   41%         5    #####..


Dungeon Overview and Level Annotations

Branches:
Dungeon (14/15)            Temple (0/1) D:7            Lair (0/6) D:8
    Orc (0/2) D:11         Vaults (0/5) D:13

Altars:
Gozag
Makhleb
Trog
Xom

Shops:
D:8 }!   D:9 :   D:12 :


Innate Abilities, Weirdness & Mutations

Your experience applies equally to all skills.
You have very sharp teeth.
Your uncanny sense of smell can sniff out nearby items.
You have sharp toenails.
You are partially covered in molten scales. (AC +2)
You are partially covered in yellow scales. (AC +2)
Your mind is very acute. (Int +4)
Your flesh is heat resistant. (rF+)
You are resistant to hostile enchantments. (MR+)
You passively map a small area around you.


Message History

You feel much better.
You feel very sick. The manticore bites you!
* * * LOW HITPOINT WARNING * * *
The manticore claws you.
* * * LOW HITPOINT WARNING * * *
The manticore completely misses you.
You slash the manticore!
The manticore is severely wounded.
You feel sick. The manticore misses you. The manticore barely misses you.
The manticore claws you but does no damage.
The manticore barely misses you. The manticore completely misses you.
The manticore claws you but does no damage.
You barely miss the manticore.
The manticore is severely wounded.
You feel sick. The manticore bites you!
* * * LOW HITPOINT WARNING * * *
The manticore claws you but does no damage.
The manticore claws you!
You die...

......# #####.# #####.# ....#.#
##.##.# #.##.# #### * #.##.#
,....# *
#.##.##############.....# ######
##..............@H........ ......
......########...###.....########
##..##########...# ,....##......
.................# *#####......
##...#########...# ##### #....).
.......##........####...###......
...>.............))((............
####.#.##.......#####...###......
...............## #...# ##.####


You could see a manticore shaped shifter.

Vanquished Creatures
  Nessos (D:14)
  A vault guard (D:13)
  A centaur warrior (D:14)
  The ghost of Terrapin the Transmogrifier, a journeyman OpTm of Yredelemnul (D:12)
  A tengu warrior (D:13)
  8 two-headed ogres
  2 unseen horrors
  2 wizards (D:13)
  A necromancer (D:13)
  2 deep elf magi
  2 cyclopes
  An ugly thing (D:11)
  A gargoyle (D:13)
  2 komodo dragons
  2 trolls
  A merfolk (D:13)
  A wolf spider simulacrum (D:12)
  2 hornets (D:12)
  7 hippogriffs
  A slime creature (D:13)
  A shadow (D:14)
  2 wyverns
  2 wraiths (D:8)
  12 humans (D:13)
  A fire bat (D:5)
  5 yaks (D:11)
  3 vampire mosquitoes (D:13)
  A hungry ghost (D:8)
  A water moccasin (D:12)
  3 ice beasts
  7 sky beasts
  2 black bears
  5 orc warriors
  A necrophage (D:9)
  6 ogres
  An eye of draining (D:14)
  A centaur (shapeshifter) (D:4)
  8 centaurs
  2 crocodiles
  2 big kobolds
  11 bullfrogs
  A wyvern zombie (D:12)
  2 wyvern skeletons
  7 scorpions
  6 killer bees
  15 wights
  An electric eel (D:14)
  4 howler monkeys
  6 crimson imps
  A quasit (D:6)
  5 centaur zombies
  4 hounds (D:7)
  Crazy Yiuf (D:3)
  A gnoll shaman (D:5)
  2 orc priests
  9 orc wizards
  5 centaur skeletons
  5 jellies
  3 iguanas
  Ijyb (D:3)
  7 worker ants
  A killer bee zombie (D:4)
  A worker ant zombie (D:6)
  2 howler monkey zombies
  19 gnolls
  9 adders
  A shadow imp (D:12)
  3 oozes
  An adder zombie (D:8)
  An adder skeleton (D:4)
  4 worms
  2 dart slugs
  8 leopard geckos
  37 orcs
  11 giant cockroaches
  16 goblins
  6 hobgoblins
  12 jackals
  15 kobolds
  4 quokkas
  2 ball pythons
  4 bats
  11 frilled lizards
  A jackal skeleton (D:4)
  A leopard gecko skeleton (D:7)
  2 quokka skeletons
  5 rats
382 creatures vanquished.

Vanquished Creatures (collateral kills)
  A two-headed ogre (D:11)
  A wizard (D:13)
  A necromancer (D:13)
  A manticore (D:11)
  A komodo dragon (D:11)
  2 centaur skeletons
  A tengu conjurer (D:13)
  A troll (D:13)
  A hippogriff (D:12)
  5 slime creatures (D:13)
  10 yaks
  7 humans (D:13)
  2 ice beasts (D:11)
  2 orc warriors (D:11)
  3 centaurs (D:13)
  4 wights
  6 orcs
49 creatures vanquished.

Vanquished Creatures (others)
  A centaur (D:9)
  An orc priest (D:4)
  A worker ant (D:9)
  A hound zombie (D:9)
  An adder (D:9)
  An orc (D:9)
  A goblin (D:6)
7 creatures vanquished.

Grand Total: 438 creatures vanquished

Notes
Turn   | Place    | Note
-------+----------+-------------------------------------------
     0 | D:1      | Azure the Gnoll Wanderer began the quest for the Orb.
     0 | D:1      | Azure set off with: a +2 hand crossbow, 28 bolts, a +0 quarterstaff, a scroll of teleportation, a +0 robe, a bread ration
     0 | D:1      | Reached XP level 1. HP: 26/26 MP: 2/2
   128 | D:1      | Reached XP level 2. HP: 24/33 MP: 3/3
   658 | D:2      | Found an opulent altar of Gozag.
   755 | D:2      | Reached XP level 3. HP: 25/38 MP: 4/4
  1214 | D:2      | Found a faded altar of an unknown god.
  1244 | D:2      | Became a worshipper of Makhleb the Destroyer
  1244 | D:2      | Reached * piety under Makhleb
  1543 | D:3      | Reached skill level 1 in Short Blades
  1543 | D:3      | Reached skill level 1 in Long Blades
  1543 | D:3      | Reached skill level 1 in Axes
  1543 | D:3      | Reached skill level 1 in Maces & Flails
  1543 | D:3      | Reached skill level 1 in Polearms
  1543 | D:3      | Reached skill level 1 in Slings
  1543 | D:3      | Reached skill level 1 in Bows
  1543 | D:3      | Reached skill level 1 in Throwing
  1543 | D:3      | Reached skill level 1 in Dodging
  1543 | D:3      | Reached skill level 1 in Stealth
  1543 | D:3      | Reached skill level 1 in Unarmed Combat
  1543 | D:3      | Reached skill level 1 in Spellcasting
  1543 | D:3      | Reached skill level 1 in Conjurations
  1543 | D:3      | Reached skill level 1 in Hexes
  1543 | D:3      | Reached skill level 1 in Charms
  1543 | D:3      | Reached skill level 1 in Summonings
  1543 | D:3      | Reached skill level 1 in Necromancy
  1543 | D:3      | Reached skill level 1 in Translocations
  1543 | D:3      | Reached skill level 1 in Transmutations
  1543 | D:3      | Reached skill level 1 in Fire Magic
  1543 | D:3      | Reached skill level 1 in Ice Magic
  1543 | D:3      | Reached skill level 1 in Air Magic
  1543 | D:3      | Reached skill level 1 in Earth Magic
  1543 | D:3      | Reached skill level 1 in Poison Magic
  1543 | D:3      | Reached skill level 1 in Invocations
  1543 | D:3      | Reached XP level 4. HP: 11/45 MP: 4/6
  2074 | D:3      | Reached XP level 5. HP: 51/51 MP: 7/7
  2227 | D:3      | Noticed Ijyb
  2240 | D:3      | Killed Ijyb
  2240 | D:3      | Reached ** piety under Makhleb
  2313 | D:3      | Found a runed door.
  2423 | D:3      | Noticed Crazy Yiuf
  2427 | D:3      | Killed Crazy Yiuf
  2485 | D:4      | Reached XP level 6. HP: 57/57 MP: 8/8
  2542 | D:4      | Reached skill level 5 in Armour
  2765 | D:4      | Reached XP level 7. HP: 63/63 MP: 10/10
  2797 | D:4      | Gained mutation: You are partially covered in yellow scales. (AC +2) [mutagenic meat]
  2798 | D:4      | Gained mutation: You have sharp toenails. [mutagenic meat]
  2799 | D:4      | Gained mutation: Your mind is acute. (Int +2) [mutagenic meat]
  3116 | D:5      | Entered Level 5 of the Dungeon
  3317 | D:5      | Reached skill level 9 in Fighting
  3385 | D:5      | Reached *** piety under Makhleb
  3385 | D:5      | Reached XP level 8. HP: 71/71 MP: 12/12
  3822 | D:5      | Gained mutation: You are partially covered in molten scales. (AC +2) [mutagenic meat]
  3960 | D:5      | Gained mutation: You are resistant to hostile enchantments. (MR+) [mutagenic meat]
  3961 | D:5      | Gained mutation: You are clumsy. (Dex -2) [mutagenic meat]
  3962 | D:5      | Gained mutation: Your mind is very acute. (Int +4) [mutagenic meat]
  3963 | D:5      | Gained mutation: Your flesh is heat resistant. (rF+) [mutagenic meat]
  4317 | D:6      | Reached XP level 9. HP: 76/76 MP: 14/14
  4918 | D:7      | Reached **** piety under Makhleb
  4983 | D:7      | Reached skill level 5 in Staves
  4983 | D:7      | Reached skill level 5 in Crossbows
  4983 | D:7      | Reached skill level 5 in Shields
  4983 | D:7      | Reached skill level 5 in Evocations
  5022 | D:7      | Found a staircase to the Ecumenical Temple.
  5660 | D:8      | Found a staircase to the Lair.
  5704 | D:8      | Noticed a two-headed ogre
  5716 | D:8      | Killed a two-headed ogre
  5716 | D:8      | Reached XP level 10. HP: 52/85 MP: 17/17
  5858 | D:8      | Reached skill level 5 in Short Blades
  5858 | D:8      | Reached skill level 5 in Long Blades
  5858 | D:8      | Reached skill level 5 in Axes
  5858 | D:8      | Reached skill level 5 in Maces & Flails
  5858 | D:8      | Reached skill level 5 in Polearms
  5858 | D:8      | Reached skill level 5 in Slings
  5858 | D:8      | Reached skill level 5 in Bows
  5858 | D:8      | Reached skill level 5 in Throwing
  5858 | D:8      | Reached skill level 5 in Dodging
  5858 | D:8      | Reached skill level 5 in Stealth
  5858 | D:8      | Reached skill level 5 in Unarmed Combat
  5858 | D:8      | Reached skill level 5 in Spellcasting
  5858 | D:8      | Reached skill level 5 in Conjurations
  5858 | D:8      | Reached skill level 5 in Hexes
  5858 | D:8      | Reached skill level 5 in Charms
  5858 | D:8      | Reached skill level 5 in Summonings
  5858 | D:8      | Reached skill level 5 in Necromancy
  5858 | D:8      | Reached skill level 5 in Translocations
  5858 | D:8      | Reached skill level 5 in Transmutations
  5858 | D:8      | Reached skill level 5 in Fire Magic
  5858 | D:8      | Reached skill level 5 in Ice Magic
  5858 | D:8      | Reached skill level 5 in Air Magic
  5858 | D:8      | Reached skill level 5 in Earth Magic
  5858 | D:8      | Reached skill level 5 in Poison Magic
  5858 | D:8      | Reached skill level 5 in Invocations
  5865 | D:8      | Found the +5 scythe "Finisher" {speed, Str+3}
  5939 | D:8      | Noticed a two-headed ogre
  5948 | D:8      | Killed a two-headed ogre
  5948 | D:8      | Reached skill level 10 in Fighting
  6016 | D:8      | Got a distressingly furry chain mail
  6027 | D:8      | Identified the cursed +1 chain mail of Obexoas {MR++} (You found it on level 8 of the Dungeon)
  6099 | D:8      | Paralysed by fainting for 6 turns
  6114 | D:8      | Paralysed by fainting for 9 turns
  6222 | D:8      | Found a bloodstained altar of Trog.
  6227 | D:8      | Found Epoofuev's Gadget Shop.
  6230 | D:8      | Found Xosesene's Distillery.
  6237 | D:8      | Bought a potion of might for 52 gold pieces
  6237 | D:8      | Bought a potion of heal wounds for 65 gold pieces
  6237 | D:8      | Bought a potion of heal wounds for 65 gold pieces
  6237 | D:8      | Bought a potion of berserk rage for 65 gold pieces
  6275 | D:8      | Got a shimmering falchion
  6276 | D:8      | Identified the +9 falchion of Scorn {speed, rPois rC+} (You found it on level 8 of the Dungeon)
  6397 | D:9      | Found Miejah's Book Shoppe.
  6515 | D:9      | Noticed a two-headed ogre
  6522 | D:9      | Killed a two-headed ogre
  6529 | D:9      | Found a shimmering altar of Xom.
  6592 | D:9      | Reached ***** piety under Makhleb
  6858 | D:9      | Reached XP level 11. HP: 90/90 MP: 19/19
  6937 | D:9      | Noticed a two-headed ogre
  6946 | D:9      | Killed a two-headed ogre
  7055 | D:10     | Entered Level 10 of the Dungeon
  7161 | D:10     | Learned a level 3 spell: Mephitic Cloud
  7250 | D:10     | Lost mutation: Your mind is very acute. (Int +4) [mutagenic meat]
  7251 | D:10     | Gained mutation: Your mind is very acute. (Int +4) [mutagenic meat]
  7253 | D:10     | Gained mutation: You are very clumsy. (Dex -4) [mutagenic meat]
  7385 | D:10     | Lost mutation: You are very clumsy. (Dex -4) [mutagenic meat]
  7386 | D:10     | Gained mutation: You passively map a small area around you. [mutagenic meat]
  7387 | D:10     | Lost mutation: You are clumsy. (Dex -2) [mutagenic meat]
  7597 | D:10     | Noticed a two-headed ogre
  7604 | D:10     | Killed a two-headed ogre
  7800 | D:11     | Found a staircase to the Orcish Mines.
  8171 | D:11     | Noticed a manticore
  8172 | D:11     | Noticed a two-headed ogre
  8181 | D:11     | Killed a two-headed ogre
  8181 | D:11     | Reached XP level 12. HP: 60/98 MP: 22/22
  8460 | D:11     | You fall through a shaft!
  9034 | D:12     | Noticed Terrapin's ghost (journeyman OpTm)
  9048 | D:12     | Killed Terrapin's ghost
  9113 | D:12     | Found Eden's Book Emporium.
  9192 | D:12     | Learned a level 4 spell: Fulminant Prism
  9198 | D:12     | Learned a level 5 spell: Venom Bolt
  9219 | D:12     | Reached skill level 11 in Fighting
 10195 | D:13     | Noticed a two-headed ogre
 10203 | D:13     | Killed a two-headed ogre
 10220 | D:13     | Noticed a two-headed ogre
 10226 | D:13     | Killed a two-headed ogre
 10343 | D:13     | Noticed a tengu warrior
 10343 | D:13     | Reached XP level 13. HP: 27/105 MP: 24/24
 10459 | D:13     | Noticed a vault guard
 10466 | D:13     | Killed a vault guard
 10623 | D:13     | Found a gate to the Vaults.
 11365 | D:13     | Learned a level 4 spell: Force Lance
 11779 | D:14     | Noticed Nessos
 11799 | D:14     | Killed Nessos
 12146 | D:14     | HP: 4/107 [poisoned by a death drake (dark miasma)]
 12154 | D:14     | HP: 5/107 [manticore (shapeshifter) (10)]
 12154 | D:14     | Slain by a manticore (shapeshifter)

Vault maps used:
D:1:      dpeg_arrival_round_b, minmay_lizard_king
D:2:      chequers_ecumenical_altar_island, grunt_gozag_breadcrumbs
D:3:      minmay_roachtagon, first_bread, uniq_ijyb, uniq_crazy_yiuf_cottage
D:5:      serial_corexii_hall, corexii_hall_statues_t, corexii_hall_statues_s
D:6:      minmay_ogre_servants
D:7:      minmay_temple_entry_crystal_x
D:8:      lair_entry_dummy, serial_shops, shop, shop, basic_altar,
          minmay_guarded_unrand_finisher
D:9:      xom_confusion_cloud, serial_shops, nicolae_shop_crystal
D:11:     david_orc_2
D:12:     serial_shops, shop
D:13:     grunt_vaults_entry_tiered, hangedman_fish_farm
D:14:     uniq_nessos

Skill      XL: |  1  2  3  4  5  6  7  8  9 10 11 12 13 |
---------------+----------------------------------------+-----
Short Blades   | 1 2 3 4 5 6 7 8 |  8.4
Long Blades    | 1 2 3 4 5 6 7 8 |  8.4
Axes           | 1 2 3 4 5 6 7 8 |  8.4
Maces & Flails | 1 2 3 4 5 6 7 8 |  8.4
Polearms       | 1 2 3 4 5 6 7 8 |  8.4
Slings         | 1 2 3 4 5 6 7 8 |  8.4
Bows           | 1 2 3 4 5 6 7 8 |  8.4
Throwing       | 1 2 3 4 5 6 7 8 |  8.4
Dodging        | 1 2 3 4 5 6 7 8 |  8.4
Stealth        | 1 2 3 4 5 6 7 8 |  8.4
Unarmed Combat | 1 2 3 4 5 6 7 8 |  8.4
Spellcasting   | 1 2 3 4 5 6 7 8 |  8.4
Conjurations   | 1 2 3 4 5 6 7 8 |  8.4
Hexes          | 1 2 3 4 5 6 7 8 |  8.4
Charms         | 1 2 3 4 5 6 7 8 |  8.4
Summonings     | 1 2 3 4 5 6 7 8 |  8.4
Necromancy     | 1 2 3 4 5 6 7 8 |  8.4
Translocations | 1 2 3 4 5 6 7 8 |  8.4
Transmutations | 1 2 3 4 5 6 7 8 |  8.4
Fire Magic     | 1 2 3 4 5 6 7 8 |  8.4
Ice Magic      | 1 2 3 4 5 6 7 8 |  8.4
Air Magic      | 1 2 3 4 5 6 7 8 |  8.4
Earth Magic    | 1 2 3 4 5 6 7 8 |  8.4
Poison Magic   | 1 2 3 4 5 6 7 8 |  8.4
Invocations    | 1 2 3 4 5 6 7 8 |  8.4
Staves         | 3 4 5 6 7 8 |  8.8
Crossbows      | 3 4 5 6 7 8 |  8.8
Shields        | 3 4 5 6 7 8 |  8.8
Evocations     | 3 4 5 6 7 8 |  8.8
Armour         | 5 6 7 8 9 |  9.6
Fighting       | 9 10 11 | 11.7

Action                   |  1- 3 |  4- 6 |  7- 9 | 10-12 | 13-15 || total
-------------------------+-------+-------+-------+-------+-------++-------
Melee: Quarterstaff      |   131 |   222 |   419 |    15 |       ||   787
       Bite              |    13 |    34 |    48 |    83 |    39 ||   217
       Spear             |       |       |     7 |       |       ||     7
       Scythe            |       |       |       |   567 |   302 ||   869
 Cast: Mephitic Cloud    |       |       |       |     2 |     3 ||     5
       Venom Bolt        |       |       |       |       |     1 ||     1
       Force Lance       |       |       |       |       |     1 ||     1
Invok: Minor Destruction |       |       |     5 |     2 |     3 ||    10
       Lesser Servant of |       |       |       |    13 |     5 ||    18
 Abil: Evoke Berserk Rag |       |     1 |       |     2 |     1 ||     4
  Use: Potion            |     2 |       |     2 |       |     5 ||     9
       Scroll            |       |     7 |     3 |    12 |     6 ||    28
 Stab: Petrifying        |       |       |     1 |       |       ||     1
       Paralysed         |       |       |     6 |       |       ||     6
       Confused          |       |       |     1 |     3 |     4 ||     8
       Distracted        |       |       |       |     2 |     4 ||     6
  Eat: Chunk             |     2 |     6 |    18 |    26 |     7 ||    59
       Royal jelly       |       |       |       |     1 |       ||     1
       Fruit             |       |       |       |       |     1 ||     1
Armor: Robe              |    10 |       |       |       |       ||    10
       Crystal plate arm |   292 |   413 |   315 |    19 |       ||  1039
       Chain mail        |       |       |       |   272 |   162 ||   434
Dodge: Dodged            |    36 |    33 |   248 |   627 |   279 ||  1223

Table legend:
 A = Spawn XP
 B = Non-spawn XP
 C = Spawn XP percentage of total XP
 D = Spawn monster count
 E = Non-spawn monster count
 F = Spawn count percentage of total count
 G = Total turns spent on level
                    A         B        C        D         E        F      G
               +---------+---------+-------+---------+---------+-------+---------
         Total |       0 |   48119 |   0.0 |       0 |     433 |   0.0 | 12154
               +---------+---------+-------+---------+---------+-------+---------
           D:1 |       0 |      20 |   0.0 |       0 |      14 |   0.0 |   589
           D:2 |       0 |      68 |   0.0 |       0 |      29 |   0.0 |  1230
           D:3 |       0 |     229 |   0.0 |       0 |      37 |   0.0 |   639
           D:4 |       0 |     486 |   0.0 |       0 |      34 |   0.0 |   658
           D:5 |       0 |     972 |   0.0 |       0 |      24 |   0.0 |   861
           D:6 |       0 |     902 |   0.0 |       0 |      28 |   0.0 |   741
           D:7 |       0 |    1111 |   0.0 |       0 |      23 |   0.0 |   680
           D:8 |       0 |    3438 |   0.0 |       0 |      24 |   0.0 |   916
           D:9 |       0 |    3125 |   0.0 |       0 |      22 |   0.0 |   741
          D:10 |       0 |    3709 |   0.0 |       0 |      26 |   0.0 |   716
          D:11 |       0 |    6479 |   0.0 |       0 |      48 |   0.0 |  1206
          D:12 |       0 |    5308 |   0.0 |       0 |      35 |   0.0 |  1022
          D:13 |       0 |   15282 |   0.0 |       0 |      64 |   0.0 |  1390
          D:14 |       0 |    6990 |   0.0 |       0 |      25 |   0.0 |   765
               +---------+---------+-------+---------+---------+-------+---------
